 Dungeon Crawl Stone Soup version 0.13-a0-2676-gd993d8a (webtiles) character file.

121 4tharraofdagon the Firebug (level 2, -2/15 HPs)
             Began as a Kobold Fire Elementalist on Aug 12, 2013.
             Killed by divine providence
             ... invoked by an orc priest
              (17 damage)
             ... on Level 4 of the Dungeon.
             The game lasted 00:02:25 (408 turns).

4tharraofdagon the Firebug (KoFE)                    Turns: 408, Time: 00:02:25

HP  -2/15        AC  2     Str  7      XL: 2   Next: 70%
MP   4/4         EV 15     Int 13      God:
Gold 105         SH  0     Dex 15      Spells:  1 memorised,  3 levels left

Res.Fire  : . . .   See Invis. : .   (no weapon)
Res.Cold  : . . .   Warding    : .   a - +0 robe
Life Prot.: . . .   Conserve   : .   (no shield)
Res.Poison: .       Res.Corr.  : .   (no helmet)
Res.Elec. : .       Clarity    : .   (no cloak)
Sust.Abil.: . .     Spirit.Shd : .   (no gloves)
Res.Mut.  : .       Stasis     : .   (no boots)
Res.Rott. : .       Flight     : .   (no amulet)
Saprovore : + + .                    (no ring)
                                     (no ring)

@: not resistant to hostile enchantments, stealthy
A: disease resistance, carnivore 3, saprovore 2
a: no special abilities


You were on level 4 of the Dungeon.
You were not hungry.

You visited 1 branch of the dungeon, and saw 4 of its levels.

You collected 85 gold pieces.

Inventory:

Missiles
 e - a throwing net
Armour
 a - a +0 robe (worn)
Comestibles
 c - 2 meat rations
Scrolls
 l - a scroll of remove curse {unknown}
Potions
 f - 2 potions of curing
 h - a potion of porridge {unknown}
 k - a potion of brilliance {unknown}
Books
 b - a book of Flames

   Spells                             Type                      Level
   *Flame Tongue                      Conjuration/Fire             1
   Throw Flame                        Conjuration/Fire             2
   Conjure Flame                      Conjuration/Fire             3
   Inner Flame                        Hexes/Fire                   3
   Sticky Flame                       Conjuration/Fire             4
   Fireball                           Conjuration/Fire             5


   Skills:
 - Level 2.4 Dodging
 - Level 2.6 Stealth
 * Level 1.9 Spellcasting
 + Level 1.1 Conjurations
 + Level 3.2 Fire Magic


You had 3 spell levels left.
You knew the following spells:

 Your Spells              Type           Power        Failure   Level  Hunger
a - Flame Tongue          Conj/Fire      #....        12%         1    ##.....


Dungeon Overview and Level Annotations

Branches:
Dungeon (4/27)
 Temple: D:4-7

Altars:
Xom


Innate Abilities, Weirdness & Mutations

You recuperate from illness quickly.
You are small and have problems with some larger weapons.
You are carnivorous and can eat meat at any time.
You can eat rotten meat.


Message History

Read which item? (? for menu, Esc to quit)
As you read the scroll labeled BRIOCONYKO, it crumbles to dust.
Use on which item? (\ to view known items) (? for menu, Esc to quit)
Nothing appears to happen.
The goblin closely misses you.
A giant gecko comes into view.
The giant gecko moves out of view.
The orc grunts loudly, in orcish tradition.
An orc priest comes into view. It is wielding an orcish hand axe.
The orc priest shouts!
An adder comes into view.
The orc priest calls down the wrath of Beogh upon you.
Something smites you!
Ouch! That really hurt!
Unknown command.
Drink which item? (? for menu, Esc to quit)
You feel better.
It was a potion of curing.
The orc priest mumbles some strange prayers to Beogh against you.
Something smites you!
Ouch! That really hurt!
You die...

##..............
##...............
##................
##.................
##..................
##...................
##....................
##.....o...............
##.....@g..........#####
#......Sa.....o....#####
.........oa........#####
........o..........#####
...................#####
.......................
...............#####..
..............#####..
.............#####..


You could see 2 worker ants, an orc priest, an adder, 3 orcs and a goblin.

Vanquished Creatures
  An adder (D:3)
  2 hobgoblins (D:3)
  A ball python (D:1)
  A giant cockroach (D:1)
  A giant newt (D:1)
  A kobold (D:1)
  2 rats
9 creatures vanquished.

Notes
Turn   | Place    | Note
--------------------------------------------------------------
     0 | D:1      | 4tharraofdagon, the Kobold Fire Elementalist, began the quest for the Orb.
     0 | D:1      | Reached XP level 1. HP: 10/10 MP: 3/3
   217 | D:3      | Reached skill level 1 in Conjurations
   217 | D:3      | Reached XP level 2. HP: 13/15 MP: 1/4
   287 | D:3      | Found a shimmering altar of Xom.
   288 | D:3      | Noticed a crimson imp
   288 | D:3      | Noticed a crimson imp
   408 | D:4      | Killed from afar by an orc priest

Action                   || total
-------------------------++-------
Melee: Unarmed           ||    18
 Cast: Flame Tongue      ||     6
  Use: Scroll            ||     6
       Potion            ||     1
 Stab: Sleeping          ||     3
